 Dungeon Crawl Stone Soup version 0.20.1-1-g8b1a95d (webtiles) character file.

18 Reeggar the Skirmisher (level 2, 0/24 HPs)
             Began as a Demonspawn Abyssal Knight on Oct 14, 2017.
             Was a Follower of Lugonu.
             Slain by a gnoll
             ... wielding a +0 flail
              (7 damage)
             ... on level 1 of the Dungeon.
             The game lasted 00:03:23 (549 turns).

Reeggar the Skirmisher (Demonspawn Abyssal Knight)   Turns: 549, Time: 00:03:23

Health: 0/24       AC:  3    Str: 12    XL:     2   Next: 51%
Magic:  3/3        EV: 11    Int: 13    God:    Lugonu [*.....]
Gold:   37         SH:  0    Dex: 14    Spells: 1/1 levels left

rFire    . . .     SeeInvis .   a - +1 falchion
rCold    . . .     Gourm    .   (no shield)
rNeg     . . .     Faith    .   b - +0 leather armour
rPois    .         Spirit   .   (no helmet)
rElec    .         Reflect  .   (no cloak)
rCorr    .         Harm     .   (no gloves)
MR       .....                  (no boots)
Stlth    ++........             (no amulet)
Regen    0.1/turn               (no ring)
MPRegen  0.1/turn               (no ring)

@: no status effects
A: thin skeletal structure 1
a: Depart the Abyss, Renounce Religion


You were on level 1 of the Dungeon.
You worshipped Lugonu.
Lugonu was aware of your devotion.
You were not hungry.

You visited 1 branch of the dungeon, and saw 1 of its levels.
You visited the Abyss 1 time.

You collected 37 gold pieces.

Inventory:

Hand Weapons
 a - a +1 falchion (weapon)
Armour
 b - a +0 leather armour (worn)
Potions
 d - a potion of haste {unknown}
 e - a potion of heal wounds {unknown}
 f - a potion of brilliance {unknown}
Comestibles
 c - 2 bread rations
 g - 2 chunks of flesh


   Skills:
 + Level 3.5 Fighting
 + Level 2.0 Long Blades
 + Level 2.0 Armour
 + Level 0.8 Dodging
 * Level 0.2 Stealth
 + Level 2.4 Invocations


You had one spell level left.
You didn't know any spells.

Dungeon Overview and Level Annotations

Branches:
Dungeon (1/15)

Altars:


Innate Abilities, Weirdness & Mutations

You have a somewhat thin skeletal structure. (Dex +2, Stealth)


Message History

A leopard gecko comes into view.
You barely miss the gnoll. The gnoll hits you with a flail.
* * * LOW HITPOINT WARNING * * *
A goblin comes into view. It is wielding a club.
You aren't in the Abyss!
Your leather armour prevents you from hitting the gnoll.
The goblin hits you but does no damage. The gnoll barely misses you.
You closely miss the gnoll.
The goblin shouts!
The goblin barely misses you. The gnoll hits you with a flail.
* * * LOW HITPOINT WARNING * * *
A giant cockroach comes into view.
The leopard gecko hisses angrily.
You hit the gnoll but do no damage. The goblin hits you but does no damage.
The gnoll completely misses you.
You riposte.
You hit the gnoll but do no damage. You hit the gnoll.
The gnoll is lightly wounded.
The goblin hits you but does no damage. The gnoll hits you with a flail!
You die...

#)).## #..>..).##.## #≈≈..§§≈
#...######.#.###.##.# #....§..
#....(.....÷.#...#.#########'###
##.......^.....###.#..#.........
###...(..(.######.#.'..'.....<...
.....(.##..## ##..#.#..#.........
##..##.#....###..##.#########'###
..)###.........g.###.# #....§.§
#### ##......###@# #.## #≈≈..§§≈
#.....###.g# ##.####≈§≈≈§§§
..........#g## ##...####'###
#########.#.# ####........ .l.#
#####.### .s## #.# ... ..# ...
.#.. ... ####.


You could see a gnoll, a leopard gecko, a giant cockroach and 2 goblins.

Vanquished Creatures
  A dart slug (D:1)
  A bat (D:1)
  6 giant cockroaches (D:1)
  A goblin (D:1)
  2 hobgoblins (D:1)
  A kobold (D:1)
  2 rats (D:1)
14 creatures vanquished.

Notes
Turn   | Place    | Note
-------+----------+-------------------------------------------
     0 | Abyss:1  | Reeggar the Demonspawn Abyssal Knight began the quest for the Orb.
     0 | Abyss:1  | Reached XP level 1. HP: 18/18 MP: 2/2
    86 | D:1      | Escaped the Abyss
   398 | D:1      | Gained mutation: You have a somewhat thin skeletal structure. (Dex +2, Stealth) [demonic ancestry]
   398 | D:1      | Reached XP level 2. HP: 22/24 MP: 3/3
   549 | D:1      | Slain by a gnoll

Skill      XL: |  1  2 |
---------------+-------+-----
Armour         | 2 |  2.0
Long Blades    | 2 |  2.0
Fighting       | |  3.5
Dodging        | |  0.8
Stealth        | |  0.2
Invocations    | |  2.4

Action                   || total
-------------------------++-------
Melee: Falchion          ||    42
Armor: Leather armour    ||    16
Dodge: Dodged            ||    36
       Rpst.: Falchion   ||    12
